 Dungeon Crawl Stone Soup version 0.31.0-12-g77e489cdc1 (webtiles) character file.

Game seed: 13134579530369518620

74 hawla the Slasher (level 4, -1/39 HPs)
             Began as a Minotaur Fighter on Feb 25, 2024.
             Slain by a gnoll
             ... wielding a +0 halberd
              (8 damage)
             ... on level 2 of the Dungeon.
             The game lasted 00:02:40 (1214 turns).

hawla the Slasher (Minotaur Fighter)                Turns: 1214, Time: 00:02:41

Health: -1/39      AC:  6    Str: 20    XL:     4   Next: 9%
Magic:  3/3        EV:  9    Int:  5    God:
Gold:   20         SH:  4    Dex: 12    Spells: 3/3 levels left

rFire   . . .        a - +0 long sword
rCold   . . .        c - +0 buckler
rNeg    . . .        b - +0 scale mail
rPois   .            (helmet restricted)
rElec   .            (no cloak)
rCorr   .            (no gloves)
SInv    +            (no boots)
Will    .....        (no amulet) Stlth
                     j - ring of see invisible
HPRegen 0.26/turn    (no ring)
MPRegen 0.08/turn

%: no passive effects
@: no status effects
A: horns 2, retaliatory headbutt
a: no special abilities


You were on level 2 of the Dungeon.
You visited 1 branch of the dungeon, and saw 2 of its levels.

You collected 20 gold pieces.

Inventory:

Hand Weapons
 a - a +0 long sword (weapon)
Missiles
 h - 6 poisoned darts (quivered)
Armour
 b - a +0 scale mail (worn)
 c - a +0 buckler (worn)
Jewellery
 j - a ring of see invisible (left hand)
Scrolls
 i - a scroll of brand weapon {unknown}
 k - a scroll of identify {unknown}
Potions
 d - a potion of might
 e - a potion of mutation {unknown}
 f - a potion of curing {unknown}


   Skills:
 - Level 3.6 Fighting
 + Level 5.3 Long Blades
 - Level 3.6 Armour
 - Level 3.6 Shields


You had 3 spell levels left.
You didn't know any spells.
Your spell library was empty.

Dungeon Overview and Level Annotations

Branches:
Dungeon (2/15)

Altars:


Innate Abilities, Weirdness & Mutations

You have a pair of horns on your head.
You reflexively headbutt those who attack you in melee.


Message History

Found a short sword.
No target in view!
An endoplasm comes into view.
The endoplasm quivers.
The endoplasm freezes you.
You are frozen.
You slash the endoplasm!
You kill the endoplasm!
No target in view!
The gnoll shouts! x2
You see here 5 boomerangs.
There are monsters nearby!
The gnoll shouts!
The gnoll hits you from afar with a +0 spear.
The gnoll hits you with a +0 spear. The dart slug launches a dart at you.
The slug dart misses you.
The gnoll hits you from afar with a +0 spear.
You hit the gnoll. You headbutt the gnoll.
The gnoll is severely wounded.
The gnoll closely misses you. The gnoll hits you but does no damage.
The gnoll hits you from afar with a +0 spear.
You hit the gnoll.
You kill the gnoll!
The gnoll hits you from afar with a +0 halberd.
The gnoll barely misses you.
You have reached level 4!
You feel agile. The gnoll attacks as it pursues you!
The gnoll hits you from afar with a +0 halberd.
The gnoll hits you from afar with a +0 halberd.
You see here 5 boomerangs.
The gnoll hits you with a +0 halberd!
* * * LOW HITPOINT WARNING * * *
You see here 5 boomerangs.
The gnoll hits you but does no damage.
As you read the scroll labelled ZUL JEOKLUS, it crumbles to dust.
Wisps of shadow whirl around you...
It was a scroll of summoning.
The gnoll hits you with a +0 halberd!
You die...

#,*****,** #.# #..# *,*
*,,* #.# #.## *,* **,*
#.### #.# *,* *,**
#...####.# *,* *,,***
###......# ,,* **,,,*
#...##### ,** ***,*
#.#.# ** #,* ####.#.# *
#.** #@SS.#.##### *
#..**#g###......# *
*###..##w###......#
*****.......g.........#
**,,,,.####.#.###w.....#
****,,*****
#.#.###......# ,,,,,**
#.$...#......# ******
#.....######## #.(...#


You could see 2 gnolls, a dart slug and 2 friendly ball pythons.

Vanquished Creatures
  2 gnolls
  3 adders (D:2)
  2 dart slugs
  5 endoplasms
  2 giant cockroaches
  A goblin (D:1)
  2 hobgoblins (D:1)
  2 ball pythons (D:2)
  A bat (D:1)
  3 frilled lizards
  A kobold (D:1)
  3 rats
27 creatures vanquished.

Notes
Turn   | Place    | Note
-------+----------+-------------------------------------------
     0 | D:1      | hawla the Minotaur Fighter began the quest for the Orb.
     0 | D:1      | Reached XP level 1. HP: 19/19 MP: 0/0
   140 | D:1      | Reached skill level 3 in Long Blades
   356 | D:1      | Reached XP level 2. HP: 26/26 MP: 1/1
   632 | D:1      | Reached skill level 4 in Long Blades
   866 | D:2      | Reached XP level 3. HP: 29/31 MP: 2/2
   988 | D:2      | Reached skill level 5 in Long Blades
  1209 | D:2      | Reached XP level 4. HP: 20/39 MP: 3/3
  1214 | D:2      | Slain by a gnoll

Illustrated notes

Levels and vault maps discovered:
D:1:      spicycebolla_arrival_ecumenical, layout_basic, st_stairs_9
D:2:      layout_rooms

Skill      XL: |  1  2  3 |
---------------+----------+-----
Long Blades    | 3 4 5 |  5.3
Fighting       | |  3.6
Armour         | |  3.6
Shields        | |  3.6

Action                     |  1- 3 |  4- 6 || total
---------------------------+-------+-------++-------
  Melee: Long sword        |    49 |       ||    49
         Headbutt          |     7 |       ||     7
  Throw: Dart              |     7 |       ||     7
    Use: Scroll            |     4 |     1 ||     5
 Armour: Scale mail        |    37 |     5 ||    42
  Dodge: Dodged            |    26 |       ||    26
  Block: Buckler           |     9 |       ||     9
